[ AOE2 MATCH · #508151164 ]
UnrankedJurchens vs Malay
Player's team · LOSS
Rival team · WIN
[ REPLAY ANALYSIS · EXTRACTED FROM THE RECORDED GAME ]
Feudal
11:36
Castle
25:20
Imperial
—
| APM avg | 65.6 |
| APM peak | 121 |
| eAPM avg | 22.0 |
| Villagers / military | 66 / 63 |
Focus
⚔️ 51.6% · 🌾 48.4%
Archer ×37 · Skirmisher ×18 · Unknown (1911) ×8 · Militia ×5 · Iron Pagoda ×2 · Scout Cavalry ×1
Feudal
8:48
Castle
21:30
Imperial
34:30
| APM avg | 66.2 |
| APM peak | 122 |
| eAPM avg | 25.4 |
| Villagers / military | 77 / 58 |
Focus
⚔️ 34.2% · 🌾 65.8%
Archer ×40 · Mangonel ×6 · Militia ×4 · Battle Elephant ×4 · Monk ×1 · Knight ×1
Match map
Initial resources + every placement click. Lines = walls · curves = elevation contours. ◆ gold · ⬟ stone · ● berries · ✦ relic · ◌ wall gap
Your base· ✓ Closed at 25:20 · 42t walls · 2 gate(s)
IcedCovfefe's base· ✓ Closed at 21:30 · 45t walls · 2 gate(s)
Smoothed initial terrain · ◌ = detected wall gap · hover for details
Inputs per minute
— LE | Andreu - - IcedCovfefe
Build order — LE | Andreu
First 150 of 241 actions detected
| 0:01 | Create | Villager (Male) |
| 0:02 | Build | House |
| 0:03 | Build | House |
| 0:04 | Create | Villager (Male) ×3 |
| 1:23 | Create | Villager (Male) |
| 1:36 | Create | Villager (Male) |
| 1:48 | Build | Lumber Camp |
| 2:07 | Create | Villager (Male) |
| 2:31 | Create | Villager (Male) |
| 3:02 | Create | Villager (Male) |
| 3:26 | Build | House |
| 3:28 | Build | House |
| 3:29 | Create | Villager (Male) |
| 4:08 | Build | House |
| 4:20 | Create | Villager (Male) |
| 4:21 | Create | Villager (Male) |
| 5:00 | Build | Barracks |
| 5:47 | Create | Villager (Male) |
| 5:55 | Create | Villager (Male) |
| 6:05 | Create | Villager (Male) |
| 6:09 | Create | Militia |
| 6:09 | Create | Militia |
| 6:10 | Create | Militia |
| 6:26 | Build | House |
| 6:29 | Build | Palisade Wall |
| 6:31 | Build | Palisade Wall |
| 6:37 | Build | House |
| 6:40 | Build | Palisade Wall |
| 6:43 | Create | Villager (Male) |
| 6:54 | Build | Mill |
| 7:08 | Create | Militia |
| 8:08 | Create | Villager (Male) |
| 8:35 | Create | Villager (Male) |
| 8:42 | Create | Villager (Male) |
| 8:52 | Build | Palisade Wall |
| 9:26 | Research | Feudal Age |
| 9:26 | Research | Feudal Age |
| 9:49 | Create | Villager (Male) |
| 10:09 | Create | Villager (Male) |
| 10:42 | Build | Mining Camp |
| 10:58 | Build | House |
| 11:30 | Build | Palisade Wall |
| 11:35 | Build | Palisade Wall |
| 11:36 | Age | Feudal Age |
| 11:42 | Build | Archery Range |
| 11:45 | Create | Villager (Male) |
| 11:47 | Create | Villager (Male) |
| 11:53 | Research | Man-at-Arms (upgrade) |
| 12:16 | Build | Farm |
| 12:30 | Build | House |
| 12:34 | Build | Palisade Gate |
| 12:38 | Create | Militia |
| 12:39 | Create | Archer |
| 13:06 | Create | Archer |
| 13:15 | Build | Archery Range |
| 13:22 | Create | Skirmisher |
| 13:35 | Create | Villager (Male) |
| 13:50 | Create | Skirmisher |
| 13:50 | Create | Skirmisher |
| 13:58 | Create | Villager (Male) |
| 14:04 | Build | Farm |
| 14:09 | Create | Skirmisher |
| 14:29 | Create | Archer |
| 14:32 | Create | Villager (Male) |
| 14:46 | Build | Blacksmith |
| 14:55 | Create | Villager (Male) |
| 15:14 | Create | Villager (Male) |
| 15:16 | Build | Farm |
| 15:16 | Build | Farm |
| 15:21 | Create | Archer |
| 15:21 | Create | Skirmisher |
| 15:21 | Create | Archer |
| 15:29 | Create | Villager (Male) |
| 15:39 | Create | Villager (Male) |
| 15:46 | Build | Farm |
| 15:48 | Build | Farm |
| 15:55 | Build | Farm |
| 16:11 | Create | Villager (Male) |
| 16:16 | Build | Lumber Camp |
| 16:22 | Build | Farm |
| 16:50 | Build | Farm |
| 16:54 | Research | Loom |
| 16:57 | Research | Fletching |
| 16:58 | Research | Fletching |
| 17:01 | Build | Farm |
| 17:11 | Create | Villager (Male) |
| 17:16 | Create | Archer |
| 17:16 | Create | Archer |
| 17:17 | Create | Skirmisher |
| 17:17 | Create | Skirmisher |
| 17:18 | Create | Archer |
| 17:18 | Create | Archer |
| 17:30 | Create | Villager (Male) |
| 17:33 | Build | Farm |
| 17:49 | Build | House |
| 17:52 | Build | House |
| 18:12 | Create | Villager (Male) |
| 18:17 | Build | House |
| 18:17 | Build | House |
| 18:22 | Build | Farm |
| 18:23 | Build | Farm |
| 18:24 | Create | Villager (Male) |
| 18:45 | Research | Padded Archer Armor |
| 18:56 | Create | Archer |
| 18:56 | Create | Archer |
| 19:17 | Create | Villager (Male) |
| 19:20 | Build | House |
| 19:26 | Create | Villager (Male) |
| 19:29 | Build | Farm |
| 19:30 | Build | Farm |
| 20:01 | Create | Villager (Male) |
| 20:04 | Build | Farm |
| 20:05 | Build | Farm |
| 20:20 | Create | Villager (Male) |
| 20:22 | Build | Farm |
| 20:23 | Build | Farm |
| 20:32 | Build | Farm |
| 20:32 | Build | Farm |
| 20:32 | Build | Farm |
| 20:33 | Build | Farm |
| 20:33 | Build | Farm |
| 20:51 | Build | Farm |
| 21:27 | Build | Farm |
| 21:28 | Build | Farm |
| 22:40 | Research | Castle Age |
| 22:40 | Research | Castle Age |
| 22:42 | Build | Farm |
| 22:48 | Build | Lumber Camp |
| 23:10 | Create | Villager (Male) |
| 23:25 | Create | Skirmisher |
| 23:25 | Create | Skirmisher |
| 23:43 | Create | Skirmisher |
| 23:43 | Create | Skirmisher |
| 23:52 | Build | Archery Range |
| 23:56 | Create | Skirmisher |
| 24:02 | Create | Villager (Male) |
| 24:34 | Build | Gate |
| 24:36 | Build | Stone Wall |
| 24:47 | Create | Skirmisher |
| 25:08 | Create | Villager (Male) |
| 25:20 | Age | Castle Age |
| 25:23 | Research | Elite Skirmisher (upgrade) |
| 25:23 | Research | Elite Skirmisher (upgrade) |
| 25:23 | Research | Crossbowman (upgrade) |
| 25:24 | Research | Crossbowman (upgrade) |
| 25:44 | Research | Bodkin Arrow |
| 25:45 | Research | Bodkin Arrow |
| 25:46 | Create | Villager (Male) |
| 25:51 | Create | Villager (Male) |
| 26:04 | Build | University |
Build order — IcedCovfefe
First 150 of 268 actions detected
| 0:00 | Create | Villager (Male) |
| 0:00 | Create | Villager (Male) |
| 0:01 | Create | Villager (Male) |
| 0:02 | Build | House |
| 0:04 | Build | House |
| 0:20 | Create | Villager (Male) |
| 1:26 | Create | Villager (Male) |
| 1:26 | Create | Villager (Male) |
| 1:59 | Build | Lumber Camp |
| 2:05 | Create | Villager (Male) |
| 2:05 | Create | Villager (Male) |
| 2:20 | Create | Villager (Male) |
| 2:43 | Create | Villager (Male) |
| 3:10 | Create | Villager (Male) |
| 3:28 | Create | Villager (Male) |
| 3:40 | Create | Villager (Male) |
| 3:40 | Create | Villager (Male) |
| 3:51 | Build | House |
| 3:57 | Create | Villager (Male) |
| 5:00 | Create | Villager (Male) |
| 5:08 | Build | Mill |
| 5:23 | Create | Villager (Male) |
| 5:24 | Create | Villager (Male) |
| 5:31 | Build | House |
| 6:12 | Create | Villager (Male) |
| 6:39 | Create | Villager (Male) |
| 7:01 | Research | Loom |
| 7:18 | Build | Barracks |
| 7:30 | Research | Feudal Age |
| 8:02 | Build | Mining Camp |
| 8:17 | Create | Militia |
| 8:17 | Create | Militia |
| 8:41 | Create | Militia |
| 8:48 | Age | Feudal Age |
| 8:49 | Create | Villager (Male) |
| 9:19 | Create | Villager (Male) |
| 9:32 | Create | Militia |
| 9:36 | Research | Man-at-Arms (upgrade) |
| 9:43 | Build | Palisade Wall |
| 9:45 | Build | House |
| 9:46 | Build | Palisade Wall |
| 9:49 | Build | Archery Range |
| 9:59 | Build | Palisade Wall |
| 10:05 | Build | Palisade Wall |
| 10:08 | Build | Palisade Wall |
| 10:17 | Create | Villager (Male) |
| 10:35 | Build | Palisade Wall |
| 10:38 | Build | Mill |
| 10:40 | Create | Villager (Male) |
| 10:51 | Create | Villager (Male) |
| 11:17 | Create | Archer |
| 11:22 | Build | Farm |
| 11:24 | Research | Double-Bit Axe |
| 11:30 | Build | Palisade Gate |
| 11:32 | Build | Palisade Wall |
| 11:33 | Build | Palisade Wall |
| 11:50 | Create | Villager (Male) |
| 11:52 | Create | Archer |
| 11:56 | Build | House |
| 11:57 | Build | House |
| 12:05 | Build | Palisade Wall |
| 12:05 | Build | Palisade Wall |
| 12:51 | Create | Villager (Male) |
| 12:56 | Create | Archer |
| 13:04 | Build | Farm |
| 13:06 | Build | Farm |
| 13:08 | Build | Lumber Camp |
| 13:11 | Build | House |
| 13:13 | Build | Palisade Wall |
| 13:15 | Build | Palisade Wall |
| 13:15 | Build | Palisade Wall |
| 13:16 | Create | Archer |
| 13:28 | Create | Villager (Male) |
| 13:40 | Create | Archer |
| 13:48 | Build | Palisade Gate |
| 13:51 | Build | Palisade Wall |
| 13:58 | Build | Farm |
| 13:59 | Build | Farm |
| 14:02 | Create | Villager (Male) |
| 14:12 | Build | Farm |
| 14:14 | Build | Farm |
| 14:18 | Build | House |
| 14:23 | Build | Palisade Wall |
| 14:28 | Create | Archer |
| 14:50 | Create | Villager (Male) |
| 14:55 | Build | Farm |
| 15:03 | Create | Villager (Male) |
| 15:17 | Build | Blacksmith |
| 15:39 | Create | Villager (Male) |
| 15:59 | Research | Fletching |
| 16:07 | Create | Archer |
| 16:10 | Build | Farm |
| 16:12 | Build | Farm |
| 16:14 | Build | Farm |
| 16:22 | Build | Palisade Wall |
| 16:34 | Create | Villager (Male) |
| 17:03 | Build | House |
| 17:04 | Build | Palisade Wall |
| 17:10 | Build | Market |
| 17:19 | Build | House |
| 17:21 | Build | House |
| 17:28 | Create | Archer |
| 17:35 | Create | Villager (Male) |
| 17:44 | Create | Villager (Male) |
| 17:51 | Create | Skirmisher |
| 18:24 | Create | Villager (Male) |
| 18:39 | Build | Farm |
| 18:41 | Build | Farm |
| 18:43 | Build | Farm |
| 18:55 | Create | Villager (Male) |
| 18:56 | Create | Archer |
| 19:13 | Build | Lumber Camp |
| 19:25 | Create | Villager (Male) |
| 19:27 | Create | Archer |
| 19:27 | Create | Archer |
| 19:54 | Research | Castle Age |
| 20:04 | Build | Archery Range |
| 20:24 | Build | House |
| 20:26 | Build | Palisade Wall |
| 20:28 | Create | Archer |
| 20:31 | Research | Padded Archer Armor |
| 20:43 | Build | Farm |
| 20:45 | Build | Farm |
| 20:51 | Build | House |
| 21:01 | Create | Archer |
| 21:12 | Create | Villager (Male) |
| 21:18 | Create | Archer |
| 21:26 | Build | Stable |
| 21:30 | Age | Castle Age |
| 21:30 | Research | Crossbowman (upgrade) |
| 21:39 | Research | Bodkin Arrow |
| 22:03 | Create | Villager (Male) |
| 22:20 | Create | Archer ×2 |
| 22:26 | Create | Villager (Male) |
| 22:36 | Create | Knight |
| 22:48 | Build | Town Center |
| 22:55 | Create | Archer |
| 22:57 | Create | Villager (Male) |
| 22:57 | Create | Villager (Male) |
| 23:06 | Build | House |
| 23:22 | Build | Farm |
| 23:23 | Build | Farm |
| 23:31 | Create | Archer |
| 23:31 | Create | Archer |
| 23:33 | Build | Farm |
| 23:41 | Build | Farm |
| 23:43 | Research | Horse Collar |
| 23:55 | Create | Villager (Male) |
| 24:00 | Research | Padded Archer Armor |
| 24:07 | Build | House |
Match timeline
| 5:00 | LE | Andreu · first_building Barracks |
| 6:29 | LE | Andreu · wall_segment Palisade Wall x1 |
| 6:31 | LE | Andreu · wall_segment Palisade Wall x2 |
| 6:40 | LE | Andreu · wall_segment Palisade Wall x1 |
| 7:18 | IcedCovfefe · first_building Barracks |
| 8:48 | IcedCovfefe · age_up feudal |
| 8:52 | LE | Andreu · wall_segment Palisade Wall x6 |
| 9:43 | IcedCovfefe · wall_segment Palisade Wall x1 |
| 9:46 | IcedCovfefe · wall_segment Palisade Wall x1 |
| 9:49 | IcedCovfefe · first_building Archery Range |
| 9:59 | IcedCovfefe · wall_segment Palisade Wall x2 |
| 10:05 | IcedCovfefe · wall_segment Palisade Wall x1 |
| 10:08 | IcedCovfefe · wall_segment Palisade Wall x1 |
| 10:35 | IcedCovfefe · wall_segment Palisade Wall x1 |
| 11:30 | LE | Andreu · wall_segment Palisade Wall x20 |
| 11:32 | IcedCovfefe · wall_segment Palisade Wall x3 |
| 11:33 | IcedCovfefe · wall_segment Palisade Wall x3 |
| 11:35 | LE | Andreu · wall_segment Palisade Wall x10 |
| 11:36 | LE | Andreu · age_up feudal |
| 11:42 | LE | Andreu · first_building Archery Range |
| 12:05 | IcedCovfefe · wall_segment Palisade Wall x2 |
| 12:05 | IcedCovfefe · wall_segment Palisade Wall x1 |
| 13:13 | IcedCovfefe · wall_segment Palisade Wall x1 |
| 13:15 | IcedCovfefe · wall_segment Palisade Wall x4 |
| 13:15 | IcedCovfefe · wall_segment Palisade Wall x7 |
| 13:51 | IcedCovfefe · wall_segment Palisade Wall x3 |
| 14:23 | IcedCovfefe · wall_segment Palisade Wall x4 |
| 16:22 | IcedCovfefe · wall_segment Palisade Wall x6 |
| 17:04 | IcedCovfefe · wall_segment Palisade Wall x1 |
| 20:26 | IcedCovfefe · wall_segment Palisade Wall x7 |
| 21:26 | IcedCovfefe · first_building Stable |
| 21:30 | IcedCovfefe · age_up castle |
| 24:36 | LE | Andreu · wall_segment Stone Wall x2 |
| 24:49 | IcedCovfefe · first_building Monastery |
| 25:20 | LE | Andreu · age_up castle |
| 25:48 | IcedCovfefe · first_building Siege Workshop |
| 25:58 | IcedCovfefe · first_market_buy 100 wood |
| 27:04 | IcedCovfefe · wall_segment Palisade Wall x3 |
| 27:05 | IcedCovfefe · wall_segment Palisade Wall x2 |
| 27:07 | IcedCovfefe · wall_segment Palisade Wall x1 |
| 29:46 | LE | Andreu · first_market_sell 100 food |
| 31:35 | LE | Andreu · first_building Siege Workshop |
| 31:54 | LE | Andreu · first_building Stable |
| 33:44 | IcedCovfefe · first_building Castle |
| 34:23 | IcedCovfefe · first_market_sell 100 wood |
| 34:30 | IcedCovfefe · age_up imperial |
| 36:08 | LE | Andreu · first_building Castle |
| 37:23 | LE | Andreu · resign |
[ AI ANALYSIS · 1 CREDIT ]
What really happened in this match?
Wolo.gg analyzes every decision: build order, eco, micro, common mistakes by bracket. Personalized analysis on WhatsApp or Discord in 30 seconds.
Civ guide
Jurchens
Perfil
Jugador #3097073